 Seeded DCSS version 0.30.0-19-g36f170ea60 (webtiles) character file.

Game seed: 6351066067085065685 (custom seed)

9911 Esekla the Thaumaturge (level 11, -11/60 HPs)
             Began as a Deep Elf Necromancer on May 28, 2023.
             Was a High Priest of Vehumet.
             Mangled by a gargoyle
             ... wielding a +0 mace of protection
              (19 damage)
             ... on level 10 of the Dungeon.
             The game lasted 01:12:21 (10928 turns).

Esekla the Thaumaturge (Deep Elf Necromancer)      Turns: 10928, Time: 01:12:22

Health: -11/60     AC:  7    Str:  5    XL:     11   Next: 29%
Magic:  33/39      EV: 16    Int: 25    God:    Vehumet [*****.]
Gold:   657        SH:  0    Dex: 15    Spells: 18/37 levels left

rFire   . . .        a - +5 scimitar
rCold   . . .        (no shield)
rNeg    . . .        S - +1 robe {Will+}
rPois   .            M - +1 helmet
rElec   .            G - +0 cloak
rCorr   .            c - +0 pair of gloves
SInv    .            (no boots)
Will    ++...        B - amulet of magic regeneration
Stlth   +++          N - ring of magical power
HPRegen 0.30/turn    (no ring)
MPRegen 0.66/turn

%: no passive effects
@: studying Fighting
A: no striking features
a: Renounce Religion


You were on level 10 of the Dungeon.
You worshipped Vehumet.
Vehumet was extremely pleased with you.
You visited 1 branch of the dungeon, and saw 10 of its levels.
You also visited: Bailey.

You collected 657 gold pieces.

Inventory:

Hand Weapons
 a - a +5 scimitar (weapon)
 r - a +4 trident of venom
 s - a +1 dagger of electrocution
 w - a +0 dagger of holy wrath
 O - the +2 bardiche of Puhoisos {heavy, rElec Stlth+}
   (You found it in a bailey)

   rElec:     It insulates you from electricity.
   Stlth:     It makes you more stealthy.
 Q - a +5 long sword
Missiles
 m - 45 poisoned darts (quivered)
 q - 6 throwing nets
 J - a curare-tipped dart
 L - 5 boomerangs
Armour
 c - a +0 pair of gloves (worn)
 D - a +0 buckler
 G - a +0 cloak (worn)
 M - a +1 helmet (worn)
 S - a +1 robe of willpower (worn)
Jewellery
 B - an amulet of magic regeneration (around neck)
 N - a ring of magical power (left hand)
Wands
 e - a wand of charming (6)
 o - a wand of roots (27)
 u - a wand of flame (13)
 E - a wand of mindburst (9)
Scrolls
 f - 2 scrolls of teleportation
 k - 2 scrolls of fog
 n - 5 scrolls of blinking {unknown}
 p - a scroll of enchant armour {unknown}
 t - 4 scrolls of enchant weapon
 x - a scroll of summoning {unknown}
 y - a scroll of immolation {unknown}
 z - 2 scrolls of silence
 A - a scroll of magic mapping {unknown}
 F - 2 scrolls of poison
 I - 4 scrolls of fear
 K - a scroll of torment {unknown}
 P - 2 scrolls of acquirement
 R - a scroll of vulnerability {unknown}
Potions
 b - a potion of magic
 d - 3 potions of ambrosia
 g - a potion of heal wounds
 h - 6 potions of attraction
 i - 7 potions of curing
 j - 3 potions of brilliance
 l - 3 potions of haste
 v - a potion of mutation {unknown}
 C - 2 potions of lignification {unknown}
 H - a potion of cancellation {unknown}


   Skills:
 * Level 3.4 Fighting
 + Level 2.7(2.9) Short Blades
 + Level 1.3(2.1) Long Blades
 + Level 1.4 Throwing
 * Level 7.8 Dodging
 + Level 4.5 Stealth
 * Level 13.9 Spellcasting
 + Level 5.6 Conjurations
 + Level 10.6 Necromancy
 + Level 4.2 Translocations
 * Level 1.2 Transmutations
 + Level 4.4 Fire Magic
 + Level 1.4 Air Magic


You had 18 spell levels left.
You knew the following spells:

 Your Spells              Type           Power      Damage    Failure   Level
b - Iskenderun's Mystic   Conj/Tloc      41%        2d9       1%          4
d - Vampiric Draining     Necr           63%        2d10      1%          3
e - Searing Ray           Conj           90%        2d7       1%          2
i - Irradiate             Conj/Tmut      17%        3d17      6%          5
o - Scorch                Fire           78%        2d8       1%          2
t - Teleport Other        Tloc           38%        N/A       1%          3

Your spell library contained the following spells:

 Spells                   Type           Power      Damage    Failure   Level
 Necrotise                Necr           100%       1d9       1%          1
 Shock                    Conj/Air       100%       1d9       1%          1
 Lesser Beckoning         Tloc           76%        N/A       1%          2
 Gell's Gravitas          Tloc           38%        N/A       1%          3
 Animate Dead             Necr           63%        N/A       1%          4
 Agony                    Necr           63%        N/A       1%          5
 Spider Form              Tmut/Pois      20%        N/A       8%          3
 Cause Fear               Hex            8%         N/A       32%         4
 Summon Mana Viper        Hex/Summ       17%        N/A       67%         5


Dungeon Overview and Level Annotations

Branches:
Dungeon (10/15)            Temple (0/1) D:6          Bailey (visited)
   Lair: D:8-11         Orc: D:9-12

Altars:
Dithmenos
Fedhas
Hepliaklqana
Nemelex Xobeh
Okawaru
Qazlal
Ru
Trog
Uskayaw
Vehumet
Zin
The Shining One

Shops:
D:2 =   D:4 (

Annotations:
D:8 3 transporters


Message History

The stone arrow misses you.
An orc wizard comes into view. It is wielding a +0 dagger.
Casting: Scorch (safe; 1% risk of failure)
Confirm with . or Enter, or press ? or * to list all spells.
Flames lash the gargoyle but do no damage.
The orc priest shouts!
You hear a shout!
The gargoyle hurls a stone arrow at you.
The stone arrow misses you.
The orc wizard casts a spell.
The orc wizard flickers and vanishes!
Deactivating autopickup; reactivate with Ctrl-A.
Casting: Scorch (safe; 1% risk of failure)
Confirm with . or Enter, or press ? or * to list all spells.
Flames lash the gargoyle but do no damage.
The gargoyle hits you with a +0 mace of protection!
Casting: Scorch (safe; 1% risk of failure)
Confirm with . or Enter, or press ? or * to list all spells.
Flames lash the gargoyle.
The gargoyle is burned terribly!
The gargoyle is severely damaged.
The gargoyle hits you with a +0 mace of protection.
* * * LOW HITPOINT WARNING * * *
Casting: Scorch (safe; 1% risk of failure)
Confirm with . or Enter, or press ? or * to list all spells.
Flames lash the orc priest.
The orc priest is severely wounded.
The orc priest's fire resistance burns away.
The gargoyle hurls a stone arrow at you.
The stone arrow hits you!
* * * LOW HITPOINT WARNING * * *
Okay, then.
It was a potion of heal wounds.
You feel much better.
The orc priest looks satisfied for a moment.
The gargoyle misses you.
The orc priest invokes the aid of Beogh against you.
Beogh smites you!
* * * LOW HITPOINT WARNING * * *
The orc priest hits you with a +0 hand axe.
* * * LOW HITPOINT WARNING * * *
The gargoyle hits you with a +0 mace of protection!!
You die...

...................
...................
##########............
#.....................
##.....#######.........
+.....#..~~~..#........
#....#..~...~..#.......
###.#o9.~._.~...#......
.....#@.~...~..#.......
.....oo#..~~~..#........
.....###.#######.........
o.... ..................
..... ......>....#######
.. ............# ####
............# #..)
............# #...
..........######...


You could see a gargoyle (combustible), 2 orc priests and an orc.

Vanquished Creatures
  Harold (D:9)
  2 two-headed ogres
  Pikel (D:6)
  2 orc knights (Bailey)
  2 cyclopes (D:9)
  Joseph (D:7)
  A kobold demonologist (D:9)
  3 yaks (D:10)
  2 steam dragons
  2 wyverns
  Menkaure (D:7)
  An ice beast (D:6)
  A sky beast (D:6)
  9 orc warriors
  2 black bears
  2 ogres
  A centaur (D:7)
  A phantom (D:7)
  Blork the orc (D:6)
  4 kobold brigands
  3 gnoll sergeants
  2 bullfrogs
  2 scorpions (D:5)
  10 wights
  8 killer bees
  A quasit (D:7)
  2 gnoll boudas
  6 hounds
  A jelly (D:6)
  Crazy Yiuf (D:7)
  2 orc priests
  A sleepcap (D:5)
  5 iguanas
  7 orc wizards
  27 gnolls
  9 adders
  3 shadow imps
  6 white imps
  4 ufetubi
  A worm (D:4)
  3 dart slugs
  49 orcs
  6 ball pythons
  4 bats
  4 endoplasms
  9 goblins
  7 hobgoblins
  A quokka (D:1)
  4 frilled lizards
  21 kobolds
  A rat (D:2)
250 creatures vanquished.

Vanquished Creatures (others)
  An orc (D:8)
1 creature vanquished.

Grand Total: 251 creatures vanquished

Notes
Turn   | Place    | Note
-------+----------+-------------------------------------------
     0 | D:1      | Esekla the Deep Elf Necromancer began the quest for the
                  | Orb.
     0 | D:1      | Reached XP level 1. HP: 10/10 MP: 6/6
    86 | D:1      | Reached skill level 5 in Necromancy
   195 | D:1      | Reached XP level 2. HP: 7/15 MP: 8/8
   513 | D:4      | Found a radiant altar of Vehumet.
   517 | D:4      | Became a worshipper of Vehumet
   774 | D:1      | Reached XP level 3. HP: 11/19 MP: 9/9
   993 | D:1      | Learned a level 3 spell: Vampiric Draining
  1252 | D:2      | Noticed a black bear
  1268 | D:2      | Killed a black bear
  1269 | D:2      | Reached skill level 1 in Short Blades
  1269 | D:2      | Reached skill level 4 in Spellcasting
  1269 | D:2      | Reached skill level 1 in Translocations
  1269 | D:2      | Reached XP level 4. HP: 20/24 MP: 4/12
  1269 | D:2      | Reached XP level 5. HP: 23/28 MP: 4/13
  1481 | D:2      | Found a faded altar of an unknown god.
  1666 | D:2      | Found Renulab's Jewellery Shop.
  1888 | D:3      | Found a stormy altar of Qazlal.
  2176 | D:3      | Reached * piety under Vehumet
  2176 | D:3      | Offered knowledge of Shock by Vehumet.
  2273 | D:3      | Learned a level 1 spell: Shock
  2317 | D:5      | Entered Level 5 of the Dungeon
  2320 | D:5      | Reached skill level 5 in Spellcasting
  2320 | D:5      | Reached XP level 6. HP: 33/33 MP: 15/15
  2329 | D:5      | Learned a level 3 spell: Teleport Other
  2643 | D:6      | Reached XP level 7. HP: 37/37 MP: 13/17
  2669 | D:6      | Found a staircase to the Ecumenical Temple.
  2891 | D:4      | Found Ponaysk's Antique Weapon Boutique.
  2978 | D:5      | Reached skill level 6 in Spellcasting
  3154 | D:5      | Reached skill level 1 in Conjurations
  3249 | D:5      | Reached skill level 1 in Air Magic
  3701 | D:3      | Identified the +5 rapier of the Hero {heavy, rN+ Dex+3}
  3845 | D:3      | Found a hazy altar of Hepliaklqana.
  3845 | D:3      | Found a bloodstained altar of Trog.
  4219 | D:4      | Found a glowing golden altar of the Shining One.
  4242 | D:4      | Found a glowing silver altar of Zin.
  4257 | D:4      | Found an iron altar of Okawaru.
  4365 | D:5      | Got the Parchment of the Lumpy Olives
  4414 | D:5      | Found a shadowy altar of Dithmenos.
  4526 | D:5      | Reached ** piety under Vehumet
  4526 | D:5      | Offered knowledge of Searing Ray by Vehumet.
  4530 | D:5      | Learned a level 2 spell: Searing Ray
  5165 | D:6      | Noticed Pikel
  5187 | D:6      | Killed Pikel
  5188 | D:6      | Reached skill level 1 in Fighting
  5188 | D:6      | Reached skill level 1 in Throwing
  5188 | D:6      | Reached skill level 5 in Dodging
  5188 | D:6      | Reached skill level 7 in Spellcasting
  5188 | D:6      | Reached XP level 8. HP: 36/43 MP: 7/21
  5262 | D:6      | Reached skill level 8 in Spellcasting
  5387 | D:6      | Noticed Blork the orc
  5965 | D:6      | Killed Blork the orc
  6080 | D:6      | Found a blossoming altar of Fedhas.
  6098 | D:6      | Reached skill level 9 in Spellcasting
  6105 | D:6      | Reached XP level 9. HP: 48/48 MP: 19/24
  6286 | D:7      | Noticed Menkaure
  6297 | D:7      | Killed Menkaure
  6297 | D:7      | Offered knowledge of Scorch by Vehumet.
  6301 | D:7      | Learned a level 2 spell: Scorch
  6401 | D:7      | Found a runed translucent door.
  6402 | D:7      | Noticed Crazy Yiuf
  6408 | D:7      | Killed Crazy Yiuf
  6637 | D:7      | Noticed Joseph
  6653 | D:7      | Killed Joseph
  6654 | D:7      | Reached skill level 10 in Spellcasting
  6654 | D:7      | Reached skill level 1 in Fire Magic
  6965 | D:8      | Reached *** piety under Vehumet
  7080 | D:7      | Reached skill level 11 in Spellcasting
  7161 | D:7      | Offered knowledge of Flame Wave by Vehumet.
  7592 | D:8      | Noticed a two-headed ogre
  7602 | D:7      | Killed a two-headed ogre
  7603 | D:7      | Reached XP level 10. HP: 35/53 MP: 19/27
  7672 | D:8      | Reached skill level 1 in Long Blades
  8198 | D:8      | Found a transporter.
  8199 | D:8      | Found a transporter.
  8202 | D:8      | Found a transporter.
  8205 | D:8      | Found a transporter.
  8311 | D:8      | Found a hide-covered altar of Uskayaw.
  8527 | D:9      | Reached **** piety under Vehumet
  8528 | D:9      | Reached skill level 12 in Spellcasting
  8551 | D:9      | Offered knowledge of Iskenderun's Mystic Blast by Vehumet.
  8562 | D:9      | Learned a level 4 spell: Iskenderun's Mystic Blast
  8641 | D:9      | Found a sparkling altar of Nemelex Xobeh.
  8705 | D:9      | Noticed Harold
  8721 | D:9      | Killed Harold
  8722 | D:9      | Reached skill level 5 in Conjurations
  8780 | D:9      | Noticed a cyclops
  8922 | D:9      | Found a flagged portal.
  8939 | Bailey   | Entered a bailey
  9337 | Bailey   | Identified the +2 bardiche of Puhoisos {heavy, rElec
                  | Stlth+}
  9341 | Bailey   | Noticed an orc knight
  9341 | Bailey   | Noticed an orc knight
  9455 | Bailey   | Killed an orc knight
  9456 | Bailey   | Reached skill level 13 in Spellcasting
  9459 | Bailey   | Reached skill level 10 in Necromancy
  9572 | Bailey   | Killed an orc knight
  9948 | D:9      | Killed a cyclops
  9949 | D:9      | Reached XP level 11. HP: 52/57 MP: 30/30
 10336 | D:9      | Noticed a two-headed ogre
 10344 | D:9      | Killed a two-headed ogre
 10344 | D:9      | Reached ***** piety under Vehumet
 10417 | D:10     | Entered Level 10 of the Dungeon
 10466 | D:10     | Offered knowledge of Irradiate by Vehumet.
 10477 | D:9      | Learned a level 5 spell: Irradiate
 10613 | D:10     | Reached skill level 1 in Transmutations
 10893 | D:10     | Found a sacrificial altar of Ru.
 10928 | D:10     | Mangled by a gargoyle

Illustrated notes

Levels and vault maps discovered:
D:1:      sevenhm_arrival_forest_fort_small_3, layout_rooms,
          chequers_serial_rivers_room_b, minmay_misc_feat_five
D:2:      layout_loops_ring, dreamdust_ecumenical_altar_angels_and_demons,
          serial_shops, shop
D:3:      layout_basic, grunt_temple_overflow_open, minmay_misc_feat_iff
D:4:      layout_basic, nicolae_overflow_quartered_altars, serial_shops,
          nicolae_diamond_shop
D:5:      layout_loops_ring, lemuel_doored_altar, minmay_misc_feat_rows,
          dreamdust_wishing_well
D:6:      layout_loops_cross, fedhas_altar_fruit_tree,
          minmay_temple_entry_glass, uniq_pikel, uniq_blork_the_orc
D:7:      layout_basic, uniq_menkaure, uniq_joseph, uniq_crazy_yiuf_cottage
D:8:      layout_basic, nicolae_uskayaw_dance_hall, serial_demonic,
          serial_demonic_d, serial_demonic_a, serial_demonic_c,
          serial_demonic_c, nicolae_diode_quadrants
D:9:      layout_irregular_city, kennysheep_little_box, enter_bailey_4,
          minmay_between, uniq_harold
D:10:     layout_basic, nicolae_ru_awakened_eye

Skill      XL: |  1  2  3  4  5  6  7  8  9 10 11 |
---------------+----------------------------------+-----
Necromancy     | 5 6 7 8 10 | 10.6
Dodging        | 3 4 5 6 7 |  7.8
Short Blades   | 1 2 |  2.7
Stealth        | 3 4 |  4.5
Spellcasting   | 4 5 7 9 11 13 | 13.9
Translocations | 1 2 3 4 |  4.2
Conjurations   | 2 4 5 |  5.6
Air Magic      | 1 |  1.4
Fighting       | 1 2 3 |  3.4
Throwing       | 1 |  1.4
Fire Magic     | 2 4 |  4.4
Long Blades    | 1 |  1.3
Transmutations | 1 |  1.2

Action                     |  1- 3 |  4- 6 |  7- 9 | 10-12 || total
---------------------------+-------+-------+-------+-------++-------
  Melee: Short sword       |    36 |       |       |       ||    36
         Unarmed           |    10 |       |       |       ||    10
         Dagger            |    52 |    86 |   143 |     4 ||   285
         Rapier            |       |       |     7 |       ||     7
         Punch             |       |       |     2 |     1 ||     3
         Scimitar          |       |       |    27 |    50 ||    77
  Throw: Dart              |       |       |    23 |    31 ||    54
         Boomerang         |       |       |       |     1 ||     1
   Cast: Vampiric Draining |     8 |    14 |    80 |    98 ||   200
         Searing Ray       |       |       |    23 |     9 ||    32
         Teleport Other    |       |       |     2 |       ||     2
         Scorch            |       |       |    16 |    32 ||    48
  Evoke: Wand              |       |       |     3 |       ||     3
    Use: Scroll            |       |       |    10 |     4 ||    14
         Potion            |       |       |       |     2 ||     2
   Stab: Sleeping          |     2 |     3 |    11 |     3 ||    19
         Distracted        |     1 |     1 |       |     1 ||     3
 Armour: Robe              |    15 |     8 |    44 |    44 ||   111
  Dodge: Dodged            |    57 |    32 |   246 |   173 ||   508
